 Dungeon Crawl Stone Soup version 0.25-a0-1113-g0499d652a8 (webtiles) character file.

Game seed: 8349769405569070051, levelgen mode: classic

76 Amnesiac the Ogre Mage (level 4, -1/42 HPs)
             Began as an Ogre Wizard on May 16, 2020.
             Was an Initiate of Okawaru.
             Slain by a gnoll
             ... wielding a +0 flail
              (8 damage)
             ... on level 2 of the Dungeon.
             The game lasted 00:03:20 (1449 turns).

Amnesiac the Ogre Mage (Ogre Wizard)                Turns: 1449, Time: 00:03:21

Health: -1/42      AC:  3    Str: 12    XL:     4   Next: 32%
Magic:  6/10       EV: 10    Int: 19    God:    Okawaru [......]
Gold:   13         SH:  0    Dex:  7    Spells: 3/11 levels left

rFire    . . .     SeeInvis .   h - +0 mace
rCold    . . .     Gourm    .   (no shield)
rNeg     . . .     Faith    .   a - +0 robe
rPois    .         Spirit   .   b - +0 hat
rElec    .         Reflect  .   (no cloak)
rCorr    .         Harm     .   (gloves unavailable)
MR       .....                  (boots unavailable)
Stlth    +.........             f - amulet of regeneration
HPRegen  0.54/turn              (no ring)
MPRegen  0.12/turn              (no ring)

@: no status effects
A: large, unfitting armour, tough skin 1
a: Renounce Religion


You were on level 2 of the Dungeon.
You worshipped Okawaru.
Okawaru was noncommittal.
You were not hungry.

You visited 1 branch of the dungeon, and saw 2 of its levels.

You collected 13 gold pieces.

Inventory:

Hand Weapons
 h - a +0 mace (weapon)
Missiles
 c - 9 poisoned darts (quivered)
Armour
 a - a +0 robe (worn)
 b - a +0 hat (worn)
Jewellery
 f - an amulet of regeneration (around neck)
Wands
 j - a wand of paralysis (9)
Scrolls
 e - 2 scrolls of identify {!r, unknown}
 k - a scroll of teleportation {!r, unknown}
Potions
 i - a potion of might {!q, unknown}
Comestibles
 d - 2 rations


   Skills:
 - Level 2.0 Fighting
 + Level 0.7 Maces & Flails
 - Level 1.7 Dodging
 - Level 1.4 Stealth
 - Level 4.0 Spellcasting
 * Level 2.8 Conjurations
 - Level 0.8 Summonings
 - Level 0.8 Translocations


You had 3 spell levels left.
You knew the following spells:

 Your Spells              Type           Power        Failure   Level  Hunger
a - Magic Dart            Conj           ##..         4%          1    None
b - Call Imp              Summ           #.......     14%         2    ##.....
e - Mephitic Cloud        Conj/Pois/Air  #.......     28%         3    ###....
v - Blink                 Tloc           N/A          14%         2    ##.....

Your spell library contained the following spells:

 Spells                   Type           Power        Failure   Level  Hunger
 Slow                     Hex            #.......     21%         2    ##.....
 Conjure Flame            Conj/Fire      #.......     24%         3    ###....


Dungeon Overview and Level Annotations

Branches:
Dungeon (2/15)

Altars:
Cheibriados
Fedhas
Okawaru
Ru
Sif Muna
Xom
Zin

Annotations:
D:2 exclusion: angel


Innate Abilities, Weirdness & Mutations

You are too large for most types of armour.
You have tough skin. (AC +1)


Message History

You throw a poisoned dart. The poisoned dart hits the gnoll.
The gnoll hits you with a +0 flail!
You barely miss the gnoll.
A gnoll comes into view. It is wielding a +0 whip.
The gnoll closely misses you.
You hit the gnoll.
The gnoll is lightly wounded.
The gnoll hits you with a +0 flail!
You closely miss the gnoll.
The gnoll is lightly wounded.
The gnoll closely misses you.
You closely miss the gnoll.
The gnoll is lightly wounded.
The gnoll hits you with a +0 flail.
* * * LOW HITPOINT WARNING * * *
You barely miss the gnoll.
The gnoll is lightly wounded.
The gnoll hits you with a +0 flail!
* * * LOW HITPOINT WARNING * * *
Casting: Mephitic Cloud (quite dangerous; 28% risk of failure)
Confirm with . or Enter, or press ? or * to list all spells.
Aiming: Mephitic Cloud (quite dangerous; 28% risk of failure)
Press: ? - help, Shift-Dir - straight line, f/p - gnoll
Aim: a gnoll, wielding a +0 flail (lightly wounded) That beam is likely to hit you.
Continue anyway?
The ball explodes into a vile cloud!
The stinking cloud engulfs the gnoll but does no damage.
The gnoll is lightly wounded.
The stinking cloud engulfs you but does no damage.
The stinking cloud engulfs the gnoll but does no damage.
You are engulfed in noxious fumes.
You choke on the stench!
You are confused.
* * * LOW HITPOINT WARNING * * *
The gnoll is engulfed in noxious fumes.
The gnoll appears confused.
The gnoll closely misses you.
Unknown command.
You bump into the rock wall.
You are engulfed in noxious fumes.
You choke on the stench!
You are more confused.
The gnoll is engulfed in noxious fumes.
The gnoll appears confused.
The gnoll hits you with a +0 flail.
* * * LOW HITPOINT WARNING * * *
The gnoll is engulfed in noxious fumes.
The gnoll appears confused.
You bump into the rock wall.
The gnoll hits you but does no damage.
The gnoll is engulfed in noxious fumes.
The gnoll appears confused.
The gnoll hits the gnoll but does no damage.
You hit the gnoll but do no damage.
The gnoll is moderately wounded.
The gnoll is engulfed in noxious fumes.
The gnoll chortles and stares into space.
The gnoll hits the gnoll with a +0 whip.
You bump into the rock wall.
You feel less confused. The gnoll barely misses you.
The gnoll is engulfed in noxious fumes.
The gnoll appears confused.
You barely miss the gnoll.
The gnoll is heavily wounded.
The gnoll hits you with a +0 flail!
* * * LOW HITPOINT WARNING * * *
Casting: Mephitic Cloud (quite dangerous; 28% risk of failure)
Confirm with . or Enter, or press ? or * to list all spells.
A metallic apparition takes form in the air.
The gnoll hits you with a +0 flail!
You die...

######################## ##...##.
..........## #..#..#.
.#######...#### #.###.#.
.######.......############.###.##
...............#........##.#_...#
.....#..#####..#.######.'..#...._
..##.#..#A..#..#.# ####.#_...#
......._#...#_.#5# #####.#.###.##
#.####..#A..#..#@# #.....#.###.#.
#.......#####..#g# #.###.#..#..#.
######......)..#g# #.# #.##...##.
# ##.......##.###.###.###.###' ##
##.....####.........# #_##.. .##
##.......###.........# ###...
..###.........##.##..#...# ##....
..)##.........##.##......###.....
...'.........((............'.....


You could see 2 gnolls and a friendly iron imp (summoned).

Vanquished Creatures
  2 gnolls (D:2)
  2 adders (D:2)
  3 worms (D:2)
  A dart slug (D:2)
  A bat (D:1)
  3 giant cockroaches
  3 goblins (D:2)
  6 hobgoblins
  2 kobolds (D:2)
  A quokka (D:2)
  4 rats
28 creatures vanquished.

Notes
Turn   | Place    | Note
-------+----------+-------------------------------------------
     0 | D:1      | Amnesiac the Ogre Wizard began the quest for the Orb.
     0 | D:1      | Reached XP level 1. HP: 16/16 MP: 5/5
    51 | D:1      | Reached skill level 1 in Conjurations
   274 | D:2      | Reached XP level 2. HP: 26/26 MP: 2/6
   278 | D:2      | Learned a level 2 spell: Blink
   281 | D:2      | Learned a level 2 spell: Call Imp
   343 | D:2      | Reached skill level 1 in Fighting
   434 | D:2      | Reached XP level 3. HP: 18/33 MP: 4/8
   439 | D:2      | Learned a level 3 spell: Mephitic Cloud
   574 | D:2      | Reached skill level 4 in Spellcasting
   680 | D:2      | Found a shimmering blue altar of Sif Muna.
   887 | D:2      | Found a glowing silver altar of Zin.
   903 | D:2      | Found a shimmering altar of Xom.
   904 | D:2      | Noticed an angel
   964 | D:2      | Reached XP level 4. HP: 42/42 MP: 0/10
  1375 | D:2      | Found an iron altar of Okawaru.
  1375 | D:2      | Found a faded altar of an unknown god.
  1381 | D:2      | Found a snail-covered altar of Cheibriados.
  1383 | D:2      | Found a sacrificial altar of Ru.
  1387 | D:2      | Became a worshipper of Warmaster Okawaru
  1392 | D:2      | Found a blossoming altar of Fedhas.
  1449 | D:2      | Slain by a gnoll

Illustrated notes

Levels and vault maps discovered:
D:1:      dpeg_arrival_prison, layout_loops_ring
D:2:      layout_loops_corners, grunt_temple_overflow_order_and_chaos_1,
          chequers_temple_overflow_minitemple, lemuel_round_altar, st_stairs_1,
          supply_closet_lemuel

Skill      XL: |  1  2  3 |
---------------+----------+-----
Conjurations   | 1 2 |  2.8
Fighting       | 1 2 |  2.0
Spellcasting   | 4 |  4.0
Maces & Flails | |  0.7
Dodging        | |  1.7
Stealth        | |  1.4
Summonings     | |  0.8
Translocations | |  0.8

Action                   |  1- 3 |  4- 6 || total
-------------------------+-------+-------++-------
Melee: Unarmed           |     8 |       ||     8
       Mace              |    18 |    14 ||    32
Throw: Dart              |    17 |     7 ||    24
 Cast: Magic Dart        |    55 |    13 ||    68
       Mephitic Cloud    |     2 |     1 ||     3
       Call Imp          |       |     1 ||     1
  Eat: Chunk             |       |     2 ||     2
Armor: Robe              |    10 |     1 ||    11
Dodge: Dodged            |    12 |     9 ||    21

Table legend:
 A = Non-vault XP
 B = Vault XP
 C = Vault XP percentage of total XP
 D = Non-vault monster count
 E = Vault monster count
 F = Vault count percentage of total count
                 A         B        C        D         E       F
            +---------+---------+-------+---------+---------+-------
      Total |      98 |      11 |  10.1 |      22 |       6 |  21.4
            +---------+---------+-------+---------+---------+-------
        D:1 |       6 |       3 |  33.3 |       3 |       2 |  40.0
        D:2 |      92 |       8 |   8.0 |      19 |       4 |  17.4
            +---------+---------+-------+---------+---------+-------
